Map: Pylon LE

Players

Krystianer - Winner!

  • Race: Protoss Protoss
  • League: Master
  • Spawn Location: 11:00

Spirit (souL)

  • Race: Terran Terran
  • League: Grandmaster
  • Spawn Location: 5:00

Event: FEL Cracov 2025

VOD

Have the link to the VOD?

Description

Time

  • Played on: July 27, 2025, 9:40 a.m.
  • Length: 11:15

All games in this series

Show
View Real Time Build Order
Export as new Build Order

Krystianer Protoss - Winner!

Build Orders: 1 Gate Expand, Blink Stalkers, Chargelot Immortal 

Get SALT Encoding   

  12  0:00  Probe  
  13  0:12  Probe  
  14  0:17  Pylon  
  14  0:22  Probe  
  15  0:31  Probe  
  16  0:36  Gateway  
  16  0:39  Probe  
  16  0:44  Assimilator  
  17  0:51  Probe  
  18  1:03  Probe  
  19  1:15  Probe  
  20  1:23  Cybernetics Core  
  20  1:30  Nexus  
  21  1:32  Probe  
  21  1:40  Pylon  
  21  1:45  Probe  
  22  1:47  Assimilator  
  22  1:49  Adept  
  22  1:57  Probe  
  22  1:59  Warp Gate  
  25  2:09  Probe, Adept  
  26  2:21  Probe  
  26  2:22  Twilight Council  
  29  2:33  Probe  
  30  2:38  Stalker  
  30  2:42  Probe  
  33  2:45  Probe, Blink  
  34  2:54  Probe  
  34  2:57  Probe  
  36  3:06  Probe  
  36  3:09  Probe  
  38  3:18  Probe  
  35  3:21  Gateway, Probe  
  36  3:27  Gateway  
  36  3:28  Robotics Facility  
  36  3:30  Probe  
  36  3:33  Probe  
  38  3:36  Pylon  
  38  3:37  Shield Battery  
  38  3:42  Probe  
  38  3:46  Probe  
  38  3:47  Stalker  
  42  3:54  Probe  
  43  3:58  Probe  
  42  4:09  Probe  
  41  4:15  Probe  
  41  4:17  Stalker x2  
  41  4:18  Probe  
  41  4:23  Observer, Probe  
  48  4:30  Nexus  
  49  4:31  Probe  
  49  4:33  Pylon  
  49  4:34  Probe  
  51  4:41  Assimilator  
  51  4:43  Probe  
  52  4:48  Gateway  
  52  4:51  Observer  
  53  4:57  Stalker x2  
  57  5:04  Probe  
  58  5:07  Probe  
  58  5:11  Pylon  
  59  5:16  Probe  
  59  5:19  Pylon  
  60  5:22  Gateway  
  60  5:23  Probe  
  60  5:26  Probe  
  61  5:29  Immortal  
  61  5:31  Charge  
  61  5:34  Probe  
  66  5:37  Probe, Stalker x2  
  66  5:40  Probe  
  72  5:44  Probe  
  72  5:48  Probe x2  
  75  5:51  Observer, Gateway  
  75  5:57  Gateway  
  76  6:02  Warp Prism  
  76  6:03  Probe x3  
  78  6:06  Templar Archives  
  78  6:08  Gateway  
  80  6:22  Probe  
  81  6:25  Zealot x2  
  81  6:26  Zealot, Pylon  
  81  6:28  Pylon  
  87  6:38  Zealot, Psionic Storm  
  87  6:39  Probe  
  90  6:41  Probe  
  90  6:46  Immortal  
  91  6:48  Zealot x4  
  91  6:51  Pylon  
  91  6:52  Assimilator  
  100  7:10  Probe  
  100  7:11  High Templar, Probe  
  100  7:14  Nexus  
  104  7:21  Probe  
  103  7:23  High Templar, Zealot  
  103  7:25  Gateway  
  103  7:26  Pylon  
  103  7:28  Zealot x3  
  113  7:31  Immortal  
  113  7:32  Pylon  
  117  7:44  Probe  
  117  7:46  High Templar, Zealot x2  
  117  7:49  Probe, Gateway  
  117  7:50  Probe  
  126  7:57  Probe  
  127  7:59  Pylon  
  127  8:09  Zealot x2, Robotics Bay  
  127  8:12  Immortal  
  131  8:18  Stalker x3  
  141  8:25  Pylon  
  141  8:26  Pylon  
  141  8:37  Zealot x5  
  151  8:48  Probe x2  
  153  8:57  Zealot x9  
  153  8:58  Warp Prism  
  131  9:11  Archon  
  123  9:18  Zealot x8  
  123  9:21  Immortal  
  108  9:38  Zealot x8  
  108  9:45  Colossus  
  120  9:46  Probe  
  121  9:59  Stalker x5  
  119  10:04  Zealot  
  121  10:09  Zealot x4  
  115  10:23  Zealot x5  
  111  10:32  Zealot x4  
  119  10:46  High Templar x4, Zealot  
  119  10:49  Nexus  
  115  10:51  Archon  
  115  10:52  Archon  
  115  10:53  Stalker x3  
  121  10:59  Forge  
Show
View Real Time Build Order
Export as new Build Order

Spirit Terran 

Build Orders:  

Get SALT Encoding   

  12  0:00  SCV  
  13  0:12  SCV  
  14  0:17  Supply Depot  
  14  0:24  SCV  
  15  0:38  SCV  
  15  0:39  Barracks  
  16  0:43  Refinery  
  16  0:51  SCV  
  17  1:03  SCV  
  18  1:15  SCV  
  19  1:26  Marine  
  19  1:27  Orbital Command  
  20  1:39  Command Center  
  20  1:50  Factory  
  20  1:52  SCV  
  21  1:59  Refinery  
  21  2:02  Barracks Reactor  
  21  2:05  SCV  
  22  2:11  Supply Depot  
  22  2:17  SCV  
  23  2:32  SCV  
  23  2:34  Starport  
  24  2:41  Hellion x2  
  28  2:44  SCV  
  29  2:51  Orbital Command  
  29  3:00  SCV  
  29  3:05  Hellion  
  31  3:07  Hellion  
  33  3:15  SCV  
  33  3:17  Medivac  
  33  3:18  SCV  
  34  3:27  SCV  
  34  3:30  SCV  
  36  3:37  Marine  
  36  3:38  Factory Tech Lab, Supply Depot  
  36  3:39  Marine, SCV  
  39  3:43  SCV  
  39  3:46  Bunker  
  40  3:49  Starport Tech Lab  
  40  3:51  SCV  
  40  3:55  SCV  
  40  4:03  SCV  
  40  4:06  Siege Tank  
  40  4:07  SCV  
  43  4:10  Marine  
  43  4:13  Raven  
  43  4:15  SCV  
  43  4:18  Marine  
  43  4:19  Supply Depot, SCV  
  45  4:27  SCV  
  45  4:28  Marine  
  45  4:29  Barracks  
  47  4:31  SCV, Bunker  
  47  4:36  Marine  
  48  4:40  SCV  
  48  4:42  Siege Tank, Barracks  
  48  4:43  SCV  
  53  4:46  Marine  
  53  4:50  Engineering Bay  
  53  4:52  SCV, Supply Depot  
  55  4:54  Marine  
  55  4:55  SCV  
  57  5:04  Marine, SCV  
  57  5:06  Refinery  
  59  5:08  Refinery  
  59  5:12  Supply Depot  
  59  5:13  Supply Depot, Marine  
  60  5:15  SCV  
  60  5:16  SCV  
  60  5:17  Starport  
  60  5:18  Barracks Tech Lab  
  62  5:25  Marine  
  62  5:28  SCV x2  
  65  5:40  SCV  
  65  5:41  SCV, Command Center  
  67  5:47  Marine x2  
  67  5:48  Marine  
  70  5:52  SCV, Supply Depot  
  70  5:53  SCV  
  70  5:55  Marine  
  71  6:04  SCV  
  71  6:05  Starport Reactor  
  71  6:10  Barracks, SCV  
  73  6:11  Barracks  
  73  6:14  Barracks Reactor  
  73  6:15  Supply Depot  
  73  6:16  Factory Reactor, SCV  
  74  6:22  SCV, Marauder  
  77  6:33  Barracks Tech Lab, Medivac x2  
  77  6:36  SCV x2  
  82  6:47  Engineering Bay  
  83  6:48  SCV x2, Engineering Bay, Barracks Tech Lab  
  83  6:50  Marine  
  83  6:51  Stimpack  
  83  6:53  Widow Mine x2  
  89  6:55  Orbital Command  
  89  6:59  Barracks Reactor, Barracks Tech Lab  
  89  7:02  SCV  
  89  7:05  Marine, Marauder, Medivac  
  89  7:06  Medivac  
  89  7:08  SCV  
  98  7:16  Terran Infantry Weapons Level 1, Terran Infantry Armor Level 1  
  98  7:17  Marine x2  
  98  7:20  Marauder, Missile Turret  
  98  7:21  Widow Mine  
  98  7:22  Widow Mine, Marine  
  104  7:25  SCV  
  104  7:28  Marauder  
  108  7:32  Combat Shield  
  108  7:34  Concussive Shells, Marine  
  108  7:36  Marauder  
  111  7:39  SCV  
  111  7:40  Marine x2  
  111  7:41  Marauder  
  110  7:46  Supply Depot x3  
  110  7:50  Marauder  
  110  7:51  Widow Mine x2  
  116  7:52  Marine  
  117  7:58  Missile Turret  
  117  8:00  Supply Depot  
  117  8:05  Orbital Command  
  117  8:07  Marine, SCV x2, Marauder x2  
  117  8:08  Viking, Marine  
  117  8:11  Marauder  
  129  8:14  Viking  
  129  8:16  Widow Mine  
  129  8:18  Widow Mine  
  129  8:19  SCV x2  
  137  8:21  Marine  
  138  8:29  Marauder x2  
  138  8:30  SCV  
  138  8:31  SCV  
  138  8:32  Marauder  
  145  8:37  Widow Mine  
  145  8:38  Marine, Supply Depot  
  145  8:39  Ghost Academy  
  145  8:40  Supply Depot  
  149  8:43  Marine  
  149  8:46  Supply Depot x2  
  149  8:48  Armory  
  149  8:53  SCV  
  149  8:55  Marine  
  149  8:59  Marine x3  
  149  9:00  SCV x2, Marine, Medivac x2, Marauder  
  149  9:01  Widow Mine, Marine  
  152  9:05  SCV  
  145  9:12  SCV x2  
  145  9:13  Marine  
  143  9:17  Marine x3  
  143  9:18  SCV, Marauder  
  143  9:20  Marine  
  143  9:22  Marauder  
  145  9:30  Medivac  
  137  9:31  Marine  
  137  9:33  Medivac  
  137  9:35  Marine x3, Widow Mine  
  137  9:38  SCV, Marine  
  121  9:39  Marine  
  121  9:42  SCV, Marine  
  121  9:45  SCV  
  113  9:49  Marine  
  113  9:50  SCV  
  115  9:53  Marine x2  
  115  9:54  SCV  
  115  9:57  Ghost, SCV  
  115  9:58  Widow Mine x2  
  115  9:59  Marine  
  123  10:00  Ghost  
  123  10:02  SCV, Marine  
  123  10:06  SCV  
  115  10:07  Marine  
  115  10:10  Marine x2  
  110  10:17  Marine  
  110  10:20  Marine  
  103  10:22  Widow Mine  
  103  10:25  Marauder, SCV, Marine  
  102  10:28  Marine x2  
  102  10:29  Marine  
  102  10:34  Widow Mine  
  102  10:35  SCV, Marine  
  98  10:37  SCV  
  95  10:43  Widow Mine  
  95  10:47  SCV  
  95  10:49  Marine x2, Marauder  
  93  10:50  SCV  
  93  10:57  Marine  
Tags
 
Add a new tag
Caveats
  • Supply blocks, unpowered buildings, or Contaminate may cause inaccurate times.
  • Supply counts are checked every 10 seconds.